[ AOE2 MATCH · #478622471 ]
UnrankedMaya vs Georgians
[ REPLAY ANALYSIS · EXTRACTED FROM THE RECORDED GAME ]
Feudal
—
Castle
—
Imperial
—
| APM avg | 99.4 |
| APM peak | 230 |
| eAPM avg | 58.9 |
| Villagers / military | 111 / 47 |
Focus
⚔️ 60.1% · 🌾 39.9%
Plumed Archer ×47
Feudal
15:09
Castle
18:43
Imperial
—
| APM avg | 36.3 |
| APM peak | 98 |
| eAPM avg | 14.3 |
| Villagers / military | 70 / 50 |
Focus
⚔️ 36.7% · 🌾 63.3%
Cavalry Archer ×47 · Knight ×2 · Monk ×1
Feudal
11:17
Castle
25:06
Imperial
—
| APM avg | 38.5 |
| APM peak | 69 |
| eAPM avg | 18.3 |
| Villagers / military | 47 / 52 |
Focus
⚔️ 32.2% · 🌾 67.8%
Archer ×48 · Skirmisher ×2 · Mangonel ×1 · Scorpion ×1
Feudal
12:13
Castle
24:38
Imperial
—
| APM avg | 38.6 |
| APM peak | 97 |
| eAPM avg | 21.7 |
| Villagers / military | 74 / 21 |
Focus
⚔️ 24.2% · 🌾 75.8%
Skirmisher ×13 · Mangonel ×6 · Scorpion ×1 · Battering Ram ×1
Match map
Initial resources + every placement click. Lines = walls · curves = elevation contours. ◆ gold · ⬟ stone · ● berries · ✦ relic · ◌ wall gap
Your base· Open — unwalled flank
Lharien's base· Open — 13t gap
Murador's base· Open — unwalled flank
LoB.Janandez's base· Open — 7t gap
Smoothed initial terrain · ◌ = detected wall gap · hover for details
Inputs per minute
— Combi l BU - - Lharien
Build order — Combi l BU
First 150 of 237 actions detected
| 0:15 | Build | Town Center |
| 1:49 | Build | House |
| 2:25 | Create | Villager (Male) |
| 2:25 | Create | Villager (Male) |
| 2:26 | Create | Villager (Male) |
| 3:16 | Create | Villager (Male) |
| 3:29 | Build | Lumber Camp |
| 3:43 | Create | Villager (Male) |
| 3:44 | Create | Villager (Male) |
| 3:51 | Build | House |
| 4:12 | Create | Villager (Male) |
| 4:12 | Create | Villager (Male) |
| 4:56 | Create | Villager (Male) |
| 4:56 | Create | Villager (Male) |
| 4:56 | Create | Villager (Male) |
| 5:15 | Build | Mill |
| 5:36 | Create | Villager (Male) |
| 5:36 | Create | Villager (Male) |
| 6:00 | Create | Villager (Male) |
| 6:00 | Create | Villager (Male) |
| 6:06 | Build | House |
| 6:15 | Build | House |
| 6:28 | Create | Villager (Male) |
| 6:28 | Create | Villager (Male) |
| 6:48 | Create | Villager (Male) |
| 6:48 | Create | Villager (Male) |
| 7:44 | Create | Villager (Male) |
| 7:44 | Create | Villager (Male) |
| 8:01 | Build | House |
| 8:12 | Create | Villager (Male) |
| 8:16 | Create | Villager (Male) |
| 8:16 | Create | Villager (Male) |
| 8:16 | Create | Villager (Male) |
| 8:16 | Create | Villager (Male) |
| 8:17 | Create | Villager (Male) |
| 8:17 | Create | Villager (Male) |
| 8:18 | Build | House |
| 8:21 | Create | Villager (Male) |
| 8:21 | Create | Villager (Male) |
| 8:35 | Create | Villager (Male) |
| 8:35 | Create | Villager (Male) |
| 8:54 | Create | Villager (Male) |
| 8:59 | Build | Mining Camp |
| 9:24 | Research | Feudal Age |
| 9:25 | Research | Feudal Age |
| 10:09 | Create | Villager (Male) |
| 10:49 | Build | House |
| 11:43 | Build | Market |
| 11:56 | Create | Villager (Male) |
| 12:13 | Build | Blacksmith |
| 12:20 | Create | Villager (Male) |
| 13:03 | Research | Castle Age |
| 13:03 | Research | Castle Age |
| 13:12 | Build | Mining Camp |
| 13:59 | Research | Double-Bit Axe |
| 13:59 | Research | Double-Bit Axe |
| 14:07 | Build | Palisade Wall |
| 14:09 | Build | Palisade Wall |
| 14:10 | Build | Palisade Wall |
| 14:22 | Build | Palisade Wall |
| 14:23 | Build | Palisade Wall |
| 14:23 | Build | Palisade Wall |
| 15:30 | Create | Villager (Male) |
| 15:56 | Create | Villager (Male) |
| 16:05 | Build | Castle |
| 16:24 | Research | Bow Saw |
| 16:35 | Create | Villager (Male) |
| 16:51 | Build | Mill |
| 17:06 | Create | Villager (Male) |
| 17:06 | Create | Villager (Male) |
| 17:11 | Build | House |
| 17:29 | Create | Plumed Archer |
| 17:29 | Create | Plumed Archer |
| 17:38 | Create | Plumed Archer |
| 17:45 | Create | Villager (Male) |
| 17:45 | Create | Villager (Male) |
| 17:47 | Build | House |
| 18:07 | Research | Loom |
| 18:07 | Research | Loom |
| 18:07 | Research | Loom |
| 18:07 | Create | Plumed Archer |
| 18:23 | Create | Villager (Male) |
| 18:23 | Create | Villager (Male) |
| 18:42 | Create | Plumed Archer |
| 18:43 | Create | Plumed Archer |
| 19:03 | Create | Villager (Male) |
| 19:03 | Create | Villager (Male) |
| 19:16 | Create | Villager (Male) |
| 19:30 | Research | Fletching |
| 19:35 | Create | Plumed Archer |
| 19:36 | Create | Plumed Archer |
| 19:52 | Build | University |
| 19:54 | Build | House |
| 20:04 | Create | Plumed Archer |
| 20:04 | Create | Plumed Archer |
| 20:04 | Create | Plumed Archer |
| 20:07 | Create | Villager (Male) |
| 20:31 | Create | Villager (Male) |
| 20:31 | Create | Villager (Male) |
| 20:36 | Build | Town Center |
| 21:02 | Create | Villager (Male) |
| 21:20 | Research | Bodkin Arrow |
| 21:20 | Research | Bodkin Arrow |
| 21:23 | Create | Villager (Male) |
| 21:26 | Create | Plumed Archer |
| 21:44 | Create | Villager (Male) |
| 21:45 | Create | Villager (Male) |
| 21:52 | Create | Villager (Male) |
| 21:54 | Create | Plumed Archer |
| 22:18 | Create | Plumed Archer |
| 22:18 | Create | Plumed Archer |
| 22:19 | Create | Villager (Male) |
| 22:19 | Create | Villager (Male) |
| 22:25 | Create | Villager (Male) |
| 22:28 | Create | Plumed Archer |
| 22:29 | Create | Plumed Archer |
| 22:58 | Create | Villager (Male) |
| 22:58 | Create | Villager (Male) |
| 23:16 | Create | Plumed Archer |
| 23:20 | Create | Villager (Male) |
| 23:20 | Create | Villager (Male) |
| 23:20 | Create | Villager (Male) |
| 23:36 | Research | Ballistics |
| 23:37 | Research | Ballistics |
| 23:44 | Research | Padded Archer Armor |
| 23:44 | Research | Padded Archer Armor |
| 24:04 | Create | Plumed Archer |
| 24:04 | Create | Plumed Archer |
| 24:09 | Create | Villager (Male) |
| 24:09 | Create | Villager (Male) |
| 24:12 | Create | Villager (Male) |
| 24:22 | Create | Plumed Archer |
| 24:22 | Create | Plumed Archer |
| 24:49 | Create | Plumed Archer |
| 24:49 | Create | Plumed Archer |
| 24:53 | Create | Plumed Archer |
| 24:54 | Create | Plumed Archer |
| 25:16 | Create | Villager (Male) |
| 25:16 | Create | Villager (Male) |
| 25:16 | Create | Villager (Male) |
| 25:24 | Build | Town Center |
| 25:33 | Create | Villager (Male) |
| 25:34 | Build | Farm |
| 25:35 | Build | Farm |
| 25:35 | Build | Farm |
| 25:35 | Build | Farm |
| 25:46 | Create | Plumed Archer |
| 26:01 | Create | Plumed Archer |
| 26:05 | Create | Villager (Male) |
| 26:05 | Create | Villager (Male) |
Build order — Lharien
First 150 of 179 actions detected
| 0:36 | Build | Town Center |
| 2:59 | Create | Villager (Male) |
| 2:59 | Create | Villager (Male) |
| 2:59 | Create | Villager (Male) |
| 3:02 | Create | Villager (Male) |
| 3:02 | Create | Villager (Male) |
| 3:20 | Build | House |
| 4:13 | Create | Villager (Male) |
| 4:43 | Build | House |
| 5:02 | Create | Villager (Male) |
| 5:27 | Create | Villager (Male) |
| 5:27 | Create | Villager (Male) |
| 5:51 | Create | Villager (Male) |
| 5:51 | Create | Villager (Male) |
| 6:07 | Build | Mule Cart |
| 6:10 | Create | Villager (Male) |
| 6:10 | Create | Villager (Male) |
| 6:27 | Build | House |
| 6:31 | Create | Villager (Male) |
| 6:31 | Create | Villager (Male) |
| 6:57 | Create | Villager (Male) |
| 7:42 | Create | Villager (Male) |
| 7:51 | Build | Mill |
| 8:04 | Create | Villager (Male) |
| 8:09 | Build | House |
| 8:34 | Create | Villager (Male) |
| 8:55 | Create | Villager (Male) |
| 9:22 | Build | Mill |
| 9:26 | Create | Villager (Male) |
| 9:51 | Create | Villager (Male) |
| 10:23 | Build | House |
| 10:26 | Create | Villager (Male) |
| 10:32 | Create | Villager (Male) |
| 11:14 | Create | Villager (Male) |
| 11:38 | Create | Villager (Male) |
| 12:04 | Create | Villager (Male) |
| 12:05 | Research | Loom |
| 12:32 | Build | Barracks |
| 12:46 | Research | Feudal Age |
| 13:41 | Create | Villager (Male) |
| 14:48 | Create | Villager (Male) |
| 15:09 | Age | Feudal Age |
| 15:10 | Build | Archery Range |
| 15:14 | Build | Market |
| 15:20 | Research | Double-Bit Axe |
| 15:25 | Research | Gold Mining |
| 15:29 | Build | House |
| 16:03 | Research | Castle Age |
| 16:12 | Build | Archery Range |
| 16:39 | Build | Stable |
| 16:56 | Create | Villager (Male) |
| 17:22 | Build | Blacksmith |
| 17:43 | Research | Bloodlines |
| 18:10 | Research | Fletching |
| 18:43 | Age | Castle Age |
| 18:45 | Create | Cavalry Archer |
| 18:45 | Create | Cavalry Archer |
| 18:47 | Research | Bodkin Arrow |
| 18:48 | Research | Padded Archer Armor |
| 18:56 | Build | Monastery |
| 19:09 | Create | Villager (Male) |
| 19:22 | Create | Knight |
| 19:28 | Create | Villager (Male) |
| 19:34 | Build | Mill |
| 19:35 | Build | House |
| 19:52 | Create | Cavalry Archer |
| 20:04 | Create | Villager (Male) |
| 20:08 | Create | Cavalry Archer |
| 20:24 | Create | Villager (Male) |
| 20:24 | Create | Villager (Male) |
| 20:25 | Create | Cavalry Archer |
| 20:26 | Create | Cavalry Archer |
| 20:45 | Create | Cavalry Archer |
| 20:50 | Create | Villager (Male) |
| 20:53 | Create | Cavalry Archer |
| 21:11 | Build | House |
| 21:13 | Create | Villager (Male) |
| 21:16 | Create | Cavalry Archer |
| 21:26 | Build | University |
| 21:40 | Research | Town Watch |
| 21:41 | Create | Villager (Male) |
| 21:43 | Create | Cavalry Archer |
| 21:44 | Create | Cavalry Archer |
| 22:01 | Create | Villager (Male) |
| 22:04 | Create | Cavalry Archer |
| 22:25 | Build | House |
| 22:43 | Research | Ballistics |
| 22:46 | Create | Villager (Male) |
| 22:56 | Create | Villager (Male) |
| 22:57 | Create | Cavalry Archer |
| 22:57 | Create | Cavalry Archer |
| 23:05 | Create | Cavalry Archer |
| 23:13 | Create | Villager (Male) |
| 23:20 | Create | Cavalry Archer |
| 23:27 | Create | Monk |
| 23:46 | Build | House |
| 23:47 | Build | House |
| 23:47 | Build | House |
| 23:55 | Create | Villager (Male) |
| 23:58 | Create | Cavalry Archer |
| 24:01 | Create | Villager (Male) |
| 24:17 | Research | Bow Saw |
| 24:22 | Create | Cavalry Archer |
| 24:22 | Create | Cavalry Archer |
| 24:39 | Create | Villager (Male) |
| 24:40 | Create | Cavalry Archer |
| 24:40 | Create | Cavalry Archer |
| 24:58 | Create | Cavalry Archer |
| 24:58 | Create | Cavalry Archer |
| 25:06 | Create | Cavalry Archer |
| 25:06 | Create | Cavalry Archer |
| 25:12 | Create | Villager (Male) |
| 25:12 | Create | Villager (Male) |
| 25:19 | Build | House |
| 25:53 | Build | Farm |
| 25:57 | Create | Villager (Male) |
| 25:57 | Create | Villager (Male) |
| 26:03 | Build | Farm |
| 26:10 | Build | Town Center |
| 26:23 | Create | Cavalry Archer |
| 26:23 | Create | Cavalry Archer |
| 26:31 | Create | Villager (Male) |
| 26:32 | Create | Cavalry Archer |
| 26:53 | Create | Villager (Male) |
| 27:01 | Create | Cavalry Archer |
| 27:01 | Create | Cavalry Archer |
| 27:13 | Create | Villager (Male) |
| 27:16 | Create | Cavalry Archer |
| 27:27 | Create | Villager (Male) |
| 27:30 | Create | Cavalry Archer |
| 27:34 | Create | Villager (Male) |
| 27:42 | Create | Cavalry Archer |
| 27:49 | Create | Cavalry Archer |
| 27:53 | Create | Cavalry Archer |
| 27:55 | Create | Villager (Male) |
| 27:58 | Build | Archery Range |
| 28:20 | Create | Cavalry Archer |
| 28:20 | Create | Cavalry Archer |
| 28:28 | Create | Villager (Male) |
| 28:32 | Build | Farm |
| 28:34 | Build | Farm |
| 28:36 | Build | Farm |
| 28:38 | Create | Villager (Male) |
| 28:42 | Build | Farm |
| 28:46 | Create | Cavalry Archer |
| 28:46 | Create | Cavalry Archer |
| 28:48 | Create | Villager (Male) |
| 28:54 | Create | Villager (Male) |
| 29:04 | Build | Farm |
| 29:05 | Build | Farm |
Build order — Murador
First 150 of 159 actions detected
| 0:29 | Build | Town Center |
| 0:44 | Build | House |
| 1:05 | Build | Mill |
| 2:52 | Create | Villager (Male) |
| 2:52 | Create | Villager (Male) |
| 2:53 | Create | Villager (Male) |
| 2:53 | Create | Villager (Male) |
| 2:53 | Create | Villager (Male) |
| 3:24 | Create | Villager (Male) |
| 4:24 | Create | Villager (Male) |
| 4:53 | Create | Villager (Male) |
| 5:02 | Build | House |
| 5:23 | Build | House |
| 5:36 | Create | Villager (Male) |
| 5:57 | Create | Villager (Male) |
| 6:24 | Create | Villager (Male) |
| 6:43 | Create | Villager (Male) |
| 7:07 | Create | Villager (Male) |
| 7:37 | Create | Villager (Male) |
| 7:57 | Build | Mining Camp |
| 8:08 | Create | Villager (Male) |
| 8:34 | Research | Loom |
| 9:06 | Research | Feudal Age |
| 9:06 | Research | Feudal Age |
| 9:54 | Build | Barracks |
| 9:57 | Build | Palisade Wall |
| 10:15 | Build | House |
| 10:21 | Build | Palisade Wall |
| 10:25 | Build | House |
| 11:17 | Age | Feudal Age |
| 11:18 | Create | Villager (Male) |
| 11:18 | Create | Villager (Male) |
| 11:20 | Build | Archery Range |
| 11:30 | Research | Town Watch |
| 11:35 | Build | Archery Range |
| 12:06 | Create | Villager (Male) |
| 12:11 | Create | Archer |
| 12:11 | Create | Archer |
| 12:13 | Create | Villager (Male) |
| 12:29 | Build | Outpost |
| 12:32 | Create | Archer |
| 12:32 | Create | Archer |
| 12:49 | Build | Blacksmith |
| 13:11 | Create | Archer |
| 13:11 | Create | Archer |
| 13:13 | Create | Villager (Male) |
| 13:30 | Build | House |
| 13:35 | Create | Villager (Male) |
| 13:52 | Build | Mill |
| 14:05 | Create | Villager (Male) |
| 14:23 | Create | Archer |
| 14:23 | Create | Archer |
| 14:37 | Create | Archer |
| 14:37 | Create | Archer |
| 14:43 | Create | Villager (Male) |
| 14:48 | Create | Villager (Male) |
| 15:20 | Create | Archer |
| 15:21 | Create | Archer |
| 15:21 | Create | Archer |
| 15:39 | Research | Fletching |
| 15:39 | Research | Fletching |
| 15:58 | Create | Archer |
| 15:58 | Create | Archer |
| 16:21 | Create | Archer |
| 16:22 | Create | Villager (Male) |
| 16:22 | Create | Villager (Male) |
| 17:08 | Create | Archer |
| 17:10 | Create | Archer |
| 17:10 | Create | Archer |
| 17:11 | Create | Villager (Male) |
| 17:18 | Create | Villager (Male) |
| 17:29 | Create | Archer |
| 17:29 | Create | Archer |
| 17:58 | Create | Archer |
| 17:59 | Create | Archer |
| 18:05 | Create | Villager (Male) |
| 18:06 | Create | Villager (Male) |
| 18:11 | Build | House |
| 18:56 | Create | Villager (Male) |
| 18:56 | Create | Villager (Male) |
| 19:16 | Build | Lumber Camp |
| 19:23 | Build | Farm |
| 19:31 | Create | Skirmisher |
| 19:31 | Create | Skirmisher |
| 20:11 | Create | Villager (Male) |
| 20:12 | Create | Villager (Male) |
| 20:15 | Research | Double-Bit Axe |
| 20:15 | Research | Double-Bit Axe |
| 20:33 | Research | Horse Collar |
| 20:37 | Build | Farm |
| 20:39 | Build | Farm |
| 20:53 | Create | Villager (Male) |
| 21:14 | Create | Villager (Male) |
| 21:19 | Build | Market |
| 21:38 | Create | Archer |
| 21:43 | Create | Archer |
| 22:12 | Build | Farm |
| 22:26 | Research | Castle Age |
| 22:26 | Research | Castle Age |
| 22:33 | Build | Lumber Camp |
| 22:43 | Build | House |
| 22:45 | Build | Palisade Gate |
| 23:10 | Create | Archer |
| 23:10 | Create | Archer |
| 23:19 | Build | Outpost |
| 23:20 | Create | Archer |
| 23:20 | Create | Archer |
| 23:36 | Research | Padded Archer Armor |
| 23:40 | Build | Farm |
| 23:40 | Build | Farm |
| 23:44 | Build | House |
| 23:50 | Build | House |
| 24:11 | Create | Archer |
| 24:11 | Create | Archer |
| 24:35 | Create | Archer |
| 24:36 | Create | Archer |
| 25:06 | Age | Castle Age |
| 25:11 | Build | Siege Workshop |
| 25:15 | Create | Archer |
| 25:15 | Create | Archer |
| 25:26 | Research | Bodkin Arrow |
| 25:26 | Research | Bodkin Arrow |
| 25:28 | Create | Villager (Male) |
| 25:38 | Build | Town Center |
| 26:06 | Create | Mangonel |
| 26:07 | Create | Villager (Male) |
| 26:25 | Create | Archer |
| 26:25 | Create | Archer |
| 26:26 | Create | Villager (Male) |
| 26:31 | Create | Archer |
| 26:53 | Create | Villager (Male) |
| 27:06 | Create | Scorpion |
| 27:38 | Create | Archer |
| 27:38 | Create | Archer |
| 27:39 | Create | Villager (Male) |
| 27:45 | Create | Villager (Male) |
| 27:50 | Create | Archer |
| 27:50 | Create | Archer |
| 28:23 | Research | Crossbowman (upgrade) |
| 28:23 | Research | Crossbowman (upgrade) |
| 28:38 | Build | Farm |
| 28:39 | Build | Farm |
| 28:39 | Build | Farm |
| 28:39 | Build | Farm |
| 28:51 | Build | Farm |
| 29:20 | Create | Villager (Male) |
| 29:20 | Create | Villager (Male) |
| 29:20 | Create | Villager (Male) |
| 29:53 | Create | Archer |
| 29:53 | Create | Archer |
Build order — LoB.Janandez
First 150 of 164 actions detected
| 0:15 | Build | Town Center |
| 2:41 | Create | Villager (Male) |
| 2:41 | Create | Villager (Male) |
| 2:41 | Create | Villager (Male) |
| 2:41 | Create | Villager (Male) |
| 2:41 | Create | Villager (Male) |
| 3:06 | Build | House |
| 4:24 | Create | Villager (Male) |
| 4:24 | Create | Villager (Male) |
| 4:24 | Create | Villager (Male) |
| 4:25 | Research | Loom |
| 4:34 | Build | House |
| 4:44 | Build | House |
| 4:46 | Create | Villager (Male) |
| 4:46 | Create | Villager (Male) |
| 4:46 | Create | Villager (Male) |
| 5:00 | Create | Villager (Male) |
| 5:01 | Create | Villager (Male) |
| 5:52 | Create | Villager (Male) |
| 5:52 | Create | Villager (Male) |
| 6:08 | Create | Villager (Male) |
| 6:08 | Create | Villager (Male) |
| 6:09 | Create | Villager (Male) |
| 7:10 | Create | Villager (Male) |
| 7:14 | Build | Lumber Camp |
| 7:57 | Build | House |
| 8:10 | Create | Villager (Male) |
| 8:30 | Create | Villager (Male) |
| 8:43 | Create | Villager (Male) |
| 8:59 | Build | Mill |
| 9:04 | Create | Villager (Male) |
| 10:03 | Research | Feudal Age |
| 10:03 | Research | Feudal Age |
| 10:03 | Research | Feudal Age |
| 10:13 | Build | Mining Camp |
| 11:15 | Create | Villager (Male) |
| 11:35 | Build | House |
| 11:43 | Build | Palisade Wall |
| 12:00 | Build | Mill |
| 12:03 | Build | Barracks |
| 12:05 | Create | Villager (Male) |
| 12:13 | Age | Feudal Age |
| 12:25 | Build | Watch Tower |
| 13:03 | Create | Villager (Male) |
| 13:20 | Research | Double-Bit Axe |
| 13:26 | Create | Villager (Male) |
| 13:33 | Build | Watch Tower |
| 13:53 | Create | Villager (Male) |
| 13:56 | Build | Archery Range |
| 14:09 | Create | Villager (Male) |
| 14:37 | Create | Skirmisher |
| 14:37 | Create | Skirmisher |
| 14:38 | Create | Skirmisher |
| 14:38 | Create | Skirmisher |
| 14:38 | Create | Skirmisher |
| 14:49 | Build | House |
| 14:56 | Create | Villager (Male) |
| 15:00 | Research | Town Watch |
| 16:04 | Create | Villager (Male) |
| 16:06 | Create | Villager (Male) |
| 16:16 | Create | Skirmisher |
| 16:16 | Create | Skirmisher |
| 16:16 | Create | Skirmisher |
| 16:30 | Create | Villager (Male) |
| 17:20 | Create | Villager (Male) |
| 17:22 | Build | House |
| 17:42 | Create | Skirmisher |
| 17:42 | Create | Skirmisher |
| 17:43 | Create | Skirmisher |
| 18:20 | Build | Farm |
| 18:29 | Build | Farm |
| 18:35 | Build | House |
| 18:51 | Create | Villager (Male) |
| 18:57 | Build | House |
| 19:01 | Build | House |
| 19:02 | Build | House |
| 19:09 | Build | Farm |
| 19:12 | Build | Mill |
| 19:19 | Build | Farm |
| 19:41 | Create | Villager (Male) |
| 19:41 | Create | Villager (Male) |
| 19:41 | Create | Villager (Male) |
| 19:44 | Build | Farm |
| 20:05 | Build | Farm |
| 20:17 | Create | Villager (Male) |
| 20:17 | Create | Villager (Male) |
| 20:17 | Create | Villager (Male) |
| 20:22 | Build | Farm |
| 20:50 | Create | Villager (Male) |
| 21:03 | Build | Market |
| 21:05 | Create | Villager (Male) |
| 21:10 | Build | Mining Camp |
| 21:15 | Build | Farm |
| 21:21 | Create | Villager (Male) |
| 21:42 | Build | Farm |
| 21:44 | Build | Farm |
| 21:56 | Build | Blacksmith |
| 21:58 | Research | Castle Age |
| 21:58 | Research | Castle Age |
| 21:58 | Research | Castle Age |
| 21:58 | Research | Castle Age |
| 22:18 | Create | Villager (Male) |
| 22:18 | Create | Villager (Male) |
| 22:18 | Create | Villager (Male) |
| 22:30 | Build | Mining Camp |
| 22:32 | Create | Villager (Male) |
| 23:11 | Create | Villager (Male) |
| 23:27 | Research | Fletching |
| 23:33 | Build | House |
| 24:04 | Research | Horse Collar |
| 24:04 | Research | Horse Collar |
| 24:26 | Build | Lumber Camp |
| 24:37 | Build | Lumber Camp |
| 24:38 | Age | Castle Age |
| 24:40 | Build | Siege Workshop |
| 24:42 | Create | Villager (Male) |
| 24:46 | Research | Elite Skirmisher (upgrade) |
| 24:47 | Create | Skirmisher |
| 24:47 | Create | Skirmisher |
| 24:50 | Create | Villager (Male) |
| 25:08 | Create | Villager (Male) |
| 25:21 | Create | Mangonel |
| 25:21 | Create | Mangonel |
| 25:21 | Create | Mangonel |
| 25:27 | Create | Villager (Male) |
| 25:34 | Research | Bow Saw |
| 25:34 | Research | Bow Saw |
| 25:49 | Create | Villager (Male) |
| 26:14 | Create | Battering Ram |
| 26:48 | Create | Villager (Male) |
| 26:52 | Create | Villager (Male) |
| 27:03 | Create | Scorpion |
| 27:51 | Create | Mangonel |
| 27:51 | Create | Mangonel |
| 27:51 | Create | Mangonel |
| 27:52 | Create | Villager (Male) |
| 27:52 | Create | Villager (Male) |
| 27:53 | Create | Villager (Male) |
| 28:29 | Build | Castle |
| 28:40 | Build | House |
| 29:22 | Create | Villager (Male) |
| 29:22 | Create | Villager (Male) |
| 29:26 | Build | Farm |
| 29:27 | Create | Villager (Male) |
| 29:27 | Create | Villager (Male) |
| 29:27 | Create | Villager (Male) |
| 29:40 | Create | Villager (Male) |
| 30:04 | Build | Town Center |
| 30:07 | Create | Villager (Male) |
| 30:07 | Create | Villager (Male) |
Match timeline
| 9:54 | Murador · first_building Barracks |
| 9:57 | Murador · wall_segment Palisade Wall x1 |
| 10:21 | Murador · wall_segment Palisade Wall x1 |
| 11:17 | Murador · age_up feudal |
| 11:20 | Murador · first_building Archery Range |
| 11:43 | LoB.Janandez · wall_segment Palisade Wall x14 |
| 12:03 | LoB.Janandez · first_building Barracks |
| 12:13 | LoB.Janandez · age_up feudal |
| 12:32 | Lharien · first_building Barracks |
| 13:56 | LoB.Janandez · first_building Archery Range |
| 14:07 | Combi l BU · wall_segment Palisade Wall x1 |
| 14:09 | Combi l BU · wall_segment Palisade Wall x1 |
| 14:10 | Combi l BU · wall_segment Palisade Wall x1 |
| 14:22 | Combi l BU · wall_segment Palisade Wall x1 |
| 14:23 | Combi l BU · wall_segment Palisade Wall x1 |
| 14:23 | Combi l BU · wall_segment Palisade Wall x1 |
| 15:09 | Lharien · age_up feudal |
| 15:10 | Lharien · first_building Archery Range |
| 16:05 | Combi l BU · first_building Castle |
| 16:39 | Lharien · first_building Stable |
| 18:06 | Combi l BU · first_market_sell 100 wood |
| 18:43 | Lharien · age_up castle |
| 18:56 | Lharien · first_building Monastery |
| 21:08 | Combi l BU · first_market_buy 100 food |
| 21:29 | LoB.Janandez · first_market_sell 500 stone |
| 21:31 | LoB.Janandez · first_market_buy 100 food |
| 21:59 | Murador · first_market_buy 100 food |
| 24:38 | LoB.Janandez · age_up castle |
| 24:40 | LoB.Janandez · first_building Siege Workshop |
| 25:06 | Murador · age_up castle |
| 25:11 | Murador · first_building Siege Workshop |
| 25:25 | Murador · first_market_sell 100 wood |
| 27:09 | Lharien · first_market_buy 100 food |
| 27:09 | Lharien · first_market_sell 100 wood |
| 28:29 | LoB.Janandez · first_building Castle |
| 31:32 | Murador · resign |
[ AI ANALYSIS · 1 CREDIT ]
What really happened in this match?
Wolo.gg analyzes every decision: build order, eco, micro, common mistakes by bracket. Personalized analysis on WhatsApp or Discord in 30 seconds.
Civ guide
Maya
Perfil
Jugador #2378776